 Dungeon Crawl Stone Soup version 0.31-a0-182-gc5ef74bbde (webtiles) character file.

Game seed: 11237357144103024555

120 qw the Chopper (level 5, -4/32 HPs)
             Began as a Gargoyle Fighter on June 21, 2023.
             Slain by Pikel
             ... wielding a +0 whip of flaming
              (8 damage)
             ... on level 4 of the Dungeon.
             The game lasted 00:01:24 (2913 turns).

qw the Chopper (Gargoyle Fighter)                   Turns: 2913, Time: 00:01:24

Health: -4/32      AC: 15    Str: 22    XL:     5   Next: 4%
Magic:  5/5        EV:  9    Int:  8    God:
Gold:   851        SH:  4    Dex:  9    Spells: 4/4 levels left

rFire   . . .        Y - +0 war axe
rCold   . . .        c - +0 buckler
rNeg    + . .        b - +0 scale mail
rPois   inf          i - +0 helmet
rElec   +            (no cloak)
rCorr   .            f - +2 pair of gloves {hurl}
SInv    .            (no boots)
Will    .....        q - amulet of regeneration Stlth
                     (no ring)
HPRegen 1.05/turn    (no ring)
MPRegen 0.09/turn

%: no passive effects
@: about to teleport
A: sickness immunity, AC +4, negative energy resistance 1, electricity
resistance, torment resistance 1, petrification resistance
a: no special abilities


You were on level 4 of the Dungeon.
You visited 1 branch of the dungeon, and saw 4 of its levels.

You collected 851 gold pieces.


Innate Abilities, Weirdness & Mutations

You are immune to sickness and miasma.
Your stone body is resilient. (AC +4)
You are immune to poison.
You resist negative energy. (rN+)
You are resistant to electric shocks. (rElec)
You are resistant to unholy torment.
You are immune to petrification.


   Skills:
 - Level 3.2 Fighting
 + Level 4.6 Axes
 - Level 3.2 Armour
 - Level 3.2 Shields


You had 4 spell levels left.
You didn't know any spells.
Your spell library was empty.

Inventory:

Hand Weapons
 p - a +0 flail
 Y - a +0 war axe (weapon)
Armour
 b - a +0 scale mail (worn)
 c - a +0 buckler (worn)
 f - a +2 pair of gloves of hurling (worn)
 i - a +0 helmet (worn)
Jewellery
 q - an amulet of regeneration (around neck)
Scrolls
 e - a scroll of identify
 g - a scroll of torment {unknown}
Potions
 a - a potion of enlightenment
 d - a potion of might
 h - a potion of haste
 j - a potion of curing
 k - a potion of cancellation {unknown}
 l - a potion of ambrosia {unknown}
 n - a potion of brilliance {unknown}

Dungeon Overview and Level Annotations

Branches:
Dungeon (4/15)
 Temple: D:4-7

Altars:

Shops:
D:3 [=(:

Annotations:
D:4 Pikel


Message History

You hit Pikel but do no damage. You slash the lemure!
Pikel zaps a wand.
You barely resist. You block the lemure's attack.
You closely miss the lemure.
The lemure is moderately wounded.
You closely miss Pikel. You hit the lemure.
Pikel hits you with a +0 whip of flaming.
Pikel burns you.
The lemure hits you but does no damage. x2
Pikel checks his coin pouch and frowns.
Pikel closely misses you. The lemure barely misses you.
The lemure hits you but does no damage.
You hit the lemure.
The lemure is severely wounded.
You hit Pikel but do no damage. You hit the lemure.
You barely miss the lemure. x2
Pikel hits you but does no damage. The lemure hits you but does no damage.
The lemure barely misses you.
The lemure hits you but does no damage. x2
You slash the lemure!
You kill the lemure!
That felt strangely unrewarding.
You hit the lemure. You closely miss the lemure. You hit Pikel.
You hit the lemure but do no damage. You block the lemure's attack.
The lemure hits you but does no damage. The lemure hits you.
Pikel hits you but does no damage.
You hit the lemure but do no damage.
The lemure is moderately wounded.
You hit Pikel but do no damage. You hit the lemure but do no damage.
You closely miss the lemure.
Pikel zaps a wand.
Your mind is blasted!
The lemure hits you.
The lemure hits you but does no damage. x2
You miss the lemure.
The lemure is moderately wounded.
You barely miss the lemure. You miss the lemure. You hit Pikel.
The lemure hits you. Pikel completely misses you.
The lemure completely misses you. The lemure hits you.
The lemure hits you but does no damage. x2; You block Pikel's attack.
The lemure completely misses you.
2913 ||| READING scroll of teleportation.
As you read the scroll of teleportation, it crumbles to dust.
You feel strangely unstable.
The lemure hits you but does no damage. x2
Pikel hits you with a +0 whip of flaming!
You die...

#####...##.##
#......##
#....#.#
#....#.# #.#..#
# #####.##.#.#
.......#.#.####
..............#
##....@5####.#
#...55K#
#.........5.#
.........####K#
#........#
#.####.... #
#...# ##.## ..


You could see Pikel and 3 lemures.

Vanquished Creatures
  A lemure (D:4)
  4 adders
  4 dart slugs
  2 worms
  2 orcs
  4 ball pythons
  7 endoplasms
  4 giant cockroaches
  2 goblins (D:1)
  6 hobgoblins (D:1)
  8 jackals
  2 quokkas
  3 bats
  5 frilled lizards
  5 kobolds
  7 rats
66 creatures vanquished.

Notes
Turn   | Place    | Note
-------+----------+-------------------------------------------
     0 | D:1      | qw the Gargoyle Fighter began the quest for the Orb.
     0 | D:1      | Reached XP level 1. HP: 14/14 MP: 1/1
     0 | D:1      | 0 ||| qw: Version: 0.3-a-9-g12657ce
     0 | D:1      | 0 ||| qw: Game counter: 1555
     0 | D:1      | 0 ||| qw: Always use a shield: true
     0 | D:1      | 0 ||| qw: God list: Okawaru
     0 | D:1      | 0 ||| qw: Allow faded altars: false
     0 | D:1      | 0 ||| qw: Do Orc after D:15 true
     0 | D:1      | 0 ||| qw: Do second Lair branch before Depths: true
     0 | D:1      | 0 ||| qw: Lair rune preference: random
     0 | D:1      | 0 ||| qw: Plans: Normal, Zot:1-4, Slime:5, God:TSO, Crypt,
                  | Tomb, Abyss, Pan, Hells, Win
     0 | D:1      | 0 ||| PLANNING D:1-11
    28 | D:1      | 28 ||| Stepping ~*~*~tactically~*~*~ (stealth).
    37 | D:1      | 37 ||| Stepping ~*~*~tactically~*~*~ (stealth).
    47 | D:1      | Reached skill level 2 in Axes
    96 | D:1      | Reached XP level 2. HP: 19/19 MP: 2/2
   241 | D:1      | 241 ||| Stepping ~*~*~tactically~*~*~ (stealth).
   250 | D:1      | 250 ||| Stepping ~*~*~tactically~*~*~ (stealth).
   270 | D:1      | Reached skill level 3 in Axes
   348 | D:1      | Reached XP level 3. HP: 16/23 MP: 3/3
   623 | D:1      | 623 ||| DROPPING +0 club.
   654 | D:1      | 654 ||| Stepping ~*~*~tactically~*~*~ (stealth).
   772 | D:1      | 772 ||| READING scroll labelled LEZ WEOMANICAI.
   775 | D:1      | 775 ||| READING scroll labelled WONGEY EJAHE.
   776 | D:1      | 776 ||| READING scroll labelled ZUTSARY YWELL.
   777 | D:1      | 777 ||| READING scroll labelled ICOIHI CESE.
   778 | D:1      | 778 ||| READING scroll labelled ETZUTROYKU.
   779 | D:1      | 779 ||| READING scroll labelled OXZIPH BACH.
   791 | D:2      | 791 ||| STAIRDANCE
   797 | D:1      | HP: 5/23 [worm (9)]
   964 | D:2      | 964 ||| Stepping ~*~*~tactically~*~*~ (hiding).
  1120 | D:2      | Reached XP level 4. HP: 28/28 MP: 4/4
  1122 | D:2      | 1122 ||| Stepping ~*~*~tactically~*~*~ (hiding).
  1282 | D:2      | Reached skill level 4 in Axes
  1455 | D:2      | 1455 ||| Stepping ~*~*~tactically~*~*~ (stealth).
  1575 | D:2      | 1575 ||| DROPPING ring of magical power.
  1576 | D:2      | 1576 ||| READING 2 scrolls labelled JEINUTHR SERUA.
  1577 | D:2      | 1577 ||| READING scroll labelled HIUXZU CADOG.
  1577 | D:2      | Identified a scroll of acquirement
  1577 | D:2      | 1577 ||| ACQUIRING +2 pair of gloves of hurling
  1577 | D:2      | Acquired a +2 pair of gloves of hurling
  1579 | D:2      | 1579 ||| UPGRADING to +2 pair of gloves of hurling.
  1584 | D:2      | 1584 ||| DRINKING 2 ruby potions.
  1585 | D:2      | 1585 ||| DROPPING scroll of amnesia.
  1619 | D:3      | Found Goinewea's Jewellery Shoppe.
  1625 | D:3      | 1625 ||| SHOPLISTING +4 ring of protection (468 gold, have
                  | 100).
  1625 | D:3      | 1625 ||| SHOPLISTING +5 ring of evasion (468 gold, have
                  | 100).
  1625 | D:3      | 1625 ||| SHOPLISTING +6 ring of strength (468 gold, have
                  | 100).
  1625 | D:3      | 1625 ||| SHOPLISTING amulet of reflection (390 gold, have
                  | 100).
  1625 | D:3      | 1625 ||| SHOPLISTING brooch of Shielding {Spirit SH+8} (845
                  | gold, have 100).
  1625 | D:3      | 1625 ||| SHOPLISTING ring of Gozag's Benevolence {rN+ Dex+3
                  | Slay+4} (1241 gold, have 100).
  1788 | D:3      | Found Fynuoss's Weapon Boutique.
  1796 | D:3      | 1796 ||| SHOPLISTING +2 vampiric war axe (247 gold, have
                  | 100).
  1932 | D:3      | 1932 ||| Stepping ~*~*~tactically~*~*~ (stealth).
  1933 | D:3      | 1933 ||| Stepping ~*~*~tactically~*~*~ (stealth).
  1963 | D:3      | 1963 ||| DROPPING +0 whip.
  2032 | D:3      | Found Oggaun's Book Boutique.
  2124 | D:3      | 2124 ||| Stepping ~*~*~tactically~*~*~ (stealth).
  2125 | D:3      | 2125 ||| Stepping ~*~*~tactically~*~*~ (stealth).
  2276 | D:3      | 2276 ||| DROPPING +0 mace.
  2449 | D:3      | Found Gero's Antique Armour Emporium.
  2659 | D:3      | 2659 ||| UPGRADING to +0 helmet.
  2664 | D:3      | 2664 ||| UPGRADING to amulet of regeneration.
  2669 | D:3      | 2669 ||| READING scroll labelled LULE FOGOYF.
  2670 | D:3      | 2670 ||| READING 3 scrolls labelled HYTIOCICELU.
  2671 | D:3      | 2671 ||| READING 3 scrolls of identify.
  2671 | D:3      | 2671 ||| IDENTIFYING inky potion
  2672 | D:3      | 2672 ||| READING 2 scrolls of identify.
  2672 | D:3      | 2672 ||| IDENTIFYING black potion
  2673 | D:3      | 2673 ||| DROPPING 2 scrolls of blinking.
  2791 | D:4      | 2791 ||| READING scroll of acquirement.
  2791 | D:4      | 2791 ||| ACQUIRING 728 gold pieces
  2791 | D:4      | Acquired 728 gold pieces
  2866 | D:4      | Reached XP level 5. HP: 32/32 MP: 5/5
  2899 | D:4      | Noticed a lemure
  2899 | D:4      | Noticed a lemure
  2899 | D:4      | Noticed a lemure
  2900 | D:4      | Noticed Pikel
  2900 | D:4      | 2900 ||| Stepping ~*~*~tactically~*~*~ (hiding).
  2903 | D:4      | Noticed a lemure
  2910 | D:4      | Killed a lemure
  2912 | D:4      | HP: 3/32 [lemure[Pikel] (6)]
  2913 | D:4      | 2913 ||| READING scroll of teleportation.
  2913 | D:4      | Slain by Pikel

Levels and vault maps discovered:
D:1:      dpeg_arrival_shrine, layout_loops_ring, minmay_split_cup_large
D:2:      layout_rooms, columned_hall_lemuel
D:3:      layout_loops_corners, serial_shops, nicolae_shop_real_fake_doors,
          nicolae_shop_peninsula, nicolae_shop_pleasant_corner_grove,
          nicolae_shop_pleasant_corner_grove, minmay_misc_feat_tower,
          minivault_23
D:4:      layout_loops_cross, grunt_temple_overflow_open, uniq_pikel,
          uniq_natasha

Skill      XL: |  1  2  3  4 |
---------------+-------------+-----
Axes           | 2 3 4 |  4.6
Fighting       | |  3.2
Armour         | |  3.2
Shields        | |  3.2

Action                     |  1- 3 |  4- 6 || total
---------------------------+-------+-------++-------
  Melee: War axe           |    90 |    91 ||   181
    Use: Scroll            |     6 |     8 ||    14
         Potion            |       |     1 ||     1
 Armour: Scale mail        |    39 |    53 ||    92
  Dodge: Dodged            |    24 |    41 ||    65
  Block: Buckler           |    19 |    14 ||    33

Table legend:
 A = Non-vault XP
 B = Vault XP
 C = Vault XP percentage of total XP
 D = Non-vault monster count
 E = Vault monster count
 F = Vault count percentage of total count
                 A         B        C        D         E       F
            +---------+---------+-------+---------+---------+-------
      Total |     163 |       9 |   5.2 |      61 |       4 |   6.2
            +---------+---------+-------+---------+---------+-------
        D:1 |      46 |       9 |  16.4 |      24 |       4 |  14.3
        D:2 |      61 |       0 |   0.0 |      19 |       0 |   0.0
        D:3 |      35 |       0 |   0.0 |      14 |       0 |   0.0
        D:4 |      21 |       0 |   0.0 |       4 |       0 |   0.0
            +---------+---------+-------+---------+---------+-------
